 Dungeon Crawl Stone Soup version 0.31-a0-744-gbc345e7fcb (webtiles) character file.

Game seed: 16656475336920823

23 Bravepunisher the Ducker (level 2, 0/16 HPs)
             Began as a Spriggan Monk on Sept 13, 2023.
             Slain by a black bear (1 damage)
             ... on level 4 of the Dungeon.
             The game lasted 00:01:57 (356 turns).

Bravepunisher the Ducker (Spriggan Monk)             Turns: 356, Time: 00:01:58

Health: 0/16       AC:  3    Str:  7    XL:     2   Next: 72%
Magic:  3/3        EV: 19    Int: 11    God:
Gold:   45         SH:  0    Dex: 17    Spells: 1/1 levels left

rFire   + . .        a - +0 short sword
rCold   . . .        d - orb {light}
rNeg    . . .        b - +0 robe
rPois   .            (helmet restricted)
rElec   .            (no cloak)
rCorr   .            (gloves unavailable)
SInv    +            (boots unavailable)
Will    .....        (no amulet)
Stlth   +            (no ring)
HPRegen 0.22/turn    (no ring)
MPRegen 0.08/turn

%: no passive effects
@: glowing, very quick
A: very small, no large weapons, unfitting armour, see invisible, speed 3, fire
resistance 1, shaggy fur 1
a: no special abilities


You were on level 4 of the Dungeon.
You visited 1 branch of the dungeon, and saw 4 of its levels.

You collected 45 gold pieces.

Inventory:

Hand Weapons
 a - a +0 short sword (weapon)
Armour
 b - a +0 robe (worn)
 d - an orb of light (worn)
Potions
 c - a potion of ambrosia


   Skills:
 * Level 3.0 Fighting
 - Level 3.2 Short Blades
 + Level 4.5 Dodging


You had one spell level left.
You didn't know any spells.
Your spell library contained the following spells:

 Spells                   Type           Power      Damage    Failure   Level
 Magic Dart               Conj           0%         1d3       34%         1
 Call Imp                 Summ           0%         N/A       47%         2
 Mephitic Cloud           Conj/Pois/Air  0%         N/A       71%         3


Dungeon Overview and Level Annotations

Branches:
Dungeon (4/15)
 Temple: D:4-7

Altars:
Cheibriados
Elyvilon
Ru
Sif Muna
Uskayaw
Wu Jian
Zin


Innate Abilities, Weirdness & Mutations

You are very small and have problems with some larger weapons.
You are too small for most types of armour.
You have supernaturally acute eyesight. (SInv)
You cover ground extremely quickly. (Speed+++)
Your flesh is heat resistant. (rF+)
You are covered in fur. (AC +1)


Message History

The black bear barely misses you.
You hit the black bear but do no damage.
The black bear is lightly wounded.
The black bear bites you.
The black bear claws you but does no damage.
The black bear misses you.
You hit the black bear but do no damage.
The black bear is lightly wounded.
The black bear misses you. x3
You barely miss the black bear.
The black bear is lightly wounded.
The black bear misses you. x2
The black bear claws you but does no damage.
You hit the black bear.
The black bear is moderately wounded.
You hit the black bear.
The black bear is moderately wounded.
The black bear bites you.
The black bear claws you but does no damage. x2
You hit the black bear.
The black bear is moderately wounded.
The black bear bites you. The black bear misses you.
The black bear barely misses you.
You hit the black bear but do no damage.
The black bear is moderately wounded.
The black bear misses you. The black bear completely misses you.
The black bear closely misses you.
You hit the black bear.
The black bear is moderately wounded.
The black bear barely misses you. The black bear claws you.
The black bear completely misses you.
You hit the black bear.
The black bear is heavily wounded.
The black bear bites you.
* * * LOW HITPOINT WARNING * * *
The black bear misses you. The black bear barely misses you.
You hit the black bear.
The black bear is severely wounded.
The black bear completely misses you. The black bear claws you.
You die...

#.# #.# #.#
#.# #.# #.#
#.# #.# #.#
#.# #.# #.#
#.# #.# #.#
#.# #.#
#.#######.#
#......h@.#
#########.#
###


You could see a black bear.

Vanquished Creatures
  An adder (D:4)
  2 dart slugs
  An endoplasm (D:3)
  3 hobgoblins
  2 ball pythons
  A rat (D:3)
10 creatures vanquished.

Notes
Turn   | Place    | Note
-------+----------+-------------------------------------------
     0 | D:1      | Bravepunisher the Spriggan Monk began the quest for the
                  | Orb.
     0 | D:1      | Reached XP level 1. HP: 11/11 MP: 2/2
    59 | D:3      | Found a sacrificial altar of Ru.
    66 | D:3      | Found an ornate altar of the Wu Jian Council.
    72 | D:3      | Found a white marble altar of Elyvilon.
    94 | D:3      | Found a glowing silver altar of Zin.
    98 | D:3      | Found a hide-covered altar of Uskayaw.
   103 | D:3      | Found a shimmering blue altar of Sif Muna.
   107 | D:3      | Found a snail-covered altar of Cheibriados.
   155 | D:3      | Reached XP level 2. HP: 16/16 MP: 3/3
   304 | D:4      | Noticed a black bear
   341 | D:4      | Gained mutation: Your flesh is heat resistant. (rF+)
                  | [potion of mutation]
   341 | D:4      | Gained mutation: You are covered in fur. (AC +1) [potion of
                  | mutation]
   356 | D:4      | Slain by a black bear

Illustrated notes

Levels and vault maps discovered:
D:1:      nicolae_arrival_somewhat_less_tricky_arrival, layout_basic
D:2:      layout_loops_ring, shapermc_ecumenical_altar_mp_urbaneastern
D:3:      layout_loops_ring, grunt_temple_overflow_opulence,
          grunt_temple_overflow_octagram, general_overflow_altar,
          minmay_checkerbox
D:4:      layout_basic, serial_bayou_lagoon_a

Skill      XL: |  1  2 |
---------------+-------+-----
Fighting       | 3 |  3.0
Short Blades   | |  3.2
Dodging        | |  4.5

Action                     || total
---------------------------++-------
  Melee: Short sword       ||    58
    Use: Potion            ||     2
         Scroll            ||     1
 Armour: Robe              ||    19
  Dodge: Dodged            ||    55

Table legend: (Time is in decaauts)
 A = Elapsed time spent in this place.
 B = Non-inter-level travel time spent in this place.
 C = Inter-level travel time spent in this place.
 D = Time resting spent in this place.
 E = Time spent auto-exploring this place.
 F = Levels seen in this place.
 G = Mean time per level.
                   A        B        C        D        E       F      G
               +--------+--------+--------+--------+--------+-----+--------+
         Total |    256 |    256 |      0 |      0 |    125 |   4 |   64.0 |
       Dungeon |    256 |    256 |      0 |      0 |    125 |   4 |   64.0 |
               +--------+--------+--------+--------+--------+-----+--------+

Top non-repeatable levels by time:
     D:4: 140 daAuts
     D:3: 91 daAuts
     D:1: 19 daAuts
     D:2: 4 daAuts
